 Dungeon Crawl Stone Soup version 0.31.0-11-ge490571c62 (webtiles) character file.

Game seed: 5699184690160245405

12155 hadoken the Grappler (level 11, -6/113 HPs)
             Began as a Troll Shapeshifter on Jan 24, 2024.
             Was a Believer of Uskayaw.
             Mangled by an ice devil (12 damage)
             ... in an ice cave on Jan 27, 2024.
             The game lasted 00:24:54 (8884 turns).

hadoken the Grappler (Troll Shapeshifter)           Turns: 8884, Time: 00:24:54

Health: -6/113     AC: 12    Str: 28    XL:     11   Next: 58%
Magic:  15/15      EV:  9    Int:  6    God:    Uskayaw [**....]
Gold:   641        SH:  0    Dex:  9    Spells: 8/10 levels left

rFire   . .          .
                       - Unarmed
rCold   . . .        (no shield)
rNeg    . . .        E - +0 acid dragon scales
rPois   .            (helmet currently unavailable)
rElec   .            (cloak currently unavailable)
rCorr   +            (gloves unavailable)
SInv    +            (boots unavailable)
Will    .....        G - amulet of regeneration
Stlth   +            b - ring of see invisible
HPRegen 1.98/turn    s - +4 ring of protection
MPRegen 0.14/turn

%: no passive effects
@: mighty, about to teleport, beast-form
A: beast (slay +4), large, unfitting armour, claws 3, regeneration 1, shaggy fur
1, tough skin 1
a: Begin Untransformation, Renounce Religion, Stomp, Line Pass


You were in an ice cave.
You worshipped Uskayaw.
Uskayaw was noncommittal.
You were a hulking beast.
You visited 3 branches of the dungeon, and saw 13 of its levels.
You also visited: Ossuary and Ice Cave.

You collected 699 gold pieces.
You spent 58 gold pieces at shops.

Inventory:

Missiles
 H - 5 darts of dispersal (quivered)
Armour
 e - a +1 cloak of cold resistance
 x - a +1 robe of cold resistance
 C - the +0 cloak of Midwinter {rPois}
   (You found it on level 7 of the Dungeon)

   rPois:     It protects you from poison
 E - +0 acid dragon scales (worn)
Jewellery
 b - a ring of see invisible (left claw)
 g - the ring of Ylaph {rElec rF+ rCorr Str+6 Dex-3}
   (You acquired it in an ice cave)

   [ring of strength]

   Str+6:     It affects your strength (+6).
   Dex-3:     It affects your dexterity (-3).
   rF+:       It protects you from fire.
   rElec:     It insulates you from electricity.
   rCorr:     It protects you from acid and corrosion.
 l - a ring of magical power
 r - a ring of magical power
 s - a +4 ring of protection (right claw)
 u - a ring of protection from fire
 B - an amulet of the acrobat
 G - an amulet of regeneration (around neck)
Talismans
 c - a beast talisman
 d - a flux talisman
Wands
 a - a wand of iceblast (2)
 D - a wand of polymorph (14)
 I - a wand of quicksilver (1)
 J - a wand of digging (8)
Scrolls
 h - a scroll of fog {unknown}
 i - a scroll of brand weapon
 j - a scroll of fear {unknown}
 n - a scroll of revelation
 o - 2 scrolls of teleportation
 p - 3 scrolls of immolation
 q - a scroll of enchant armour {unknown}
 t - a scroll of vulnerability {unknown}
 w - a scroll of acquirement
 y - a scroll of amnesia
 A - 2 scrolls of poison
Potions
 f - 4 potions of curing
 k - a potion of brilliance
 m - a potion of heal wounds
 v - a potion of attraction {unknown}
 z - a potion of ambrosia
 F - a potion of resistance {unknown}


   Skills:
 + Level 8.5 Fighting
 - Level 1.6 Dodging
 + Level 10.5 Unarmed Combat
 - Level 2.3 Conjurations
 + Level 7.6 Invocations
 - Level 8.1 Shapeshifting


You had 8 spell levels left.
You knew the following spells:

 Your Spells              Type           Power      Damage    Failure   Level
a - Searing Ray           Conj           4%         2d4       36%         2

Your spell library contained the following spells:

 Spells                   Type           Power      Damage    Failure   Level
 Magic Dart               Conj           8%         1d3       24%         1
 Sting                    Conj/Alch      4%         1d3       36%         1
 Apportation              Tloc           0%         N/A       52%         1
 Necrotise                Necr           0%         1d4       52%         1
 Summon Small Mammal      Summ           0%         N/A       52%         1
 Blink                    Tloc           0%         N/A       67%         2
 Call Imp                 Summ           0%         N/A       67%         2
 Fulminant Prism          Conj/Alch      0%         3d5       98%         4
 Summon Blazeheart Golem  Fire/Summ      0%         N/A       99%         4
 Orb of Destruction       Conj           1%         9d5       100%        7
 Spellforged Servitor     Conj/Summ      0%         N/A       100%        7


Dungeon Overview and Level Annotations

Branches:
Dungeon (11/15)            Temple (1/1) D:6            Lair (1/5) D:11
    Orc (0/2) D:9         Ossuary (visited)           IceCv (1/1)

Altars:
Ashenzari
Cheibriados
Dithmenos
Elyvilon
Fedhas
Gozag
Hepliaklqana
Kikubaaqudgha
Makhleb
Nemelex Xobeh
Okawaru
Trog
Uskayaw
Vehumet
Wu Jian
Xom
Yredelemnul
Zin
The Shining One

Shops:
D:1 :   D:6 (   D:10 (

Annotations:
D:4 1 runed translucent door, 2 transporters, Crazy Yiuf; Phaedo's ghost, novice DjFE
D:8 1 runed translucent door, Farlane's ghost, novice TrSh IceCv exclusion: ice statue


Innate Abilities, Weirdness & Mutations

You are a hulking beast.
Your limbs bulge with bestial killing power. (Slay +4)
You are too large for most types of armour.
You have claws for hands.
Your natural rate of healing is unusually fast.
You are covered in fur. (AC +1)
You have tough skin. (AC +1)


Message History

The ice devil hits you but does no damage. x2
You are too injured to fight recklessly!
You mangle the ice devil!!
You kill the ice devil!
The ice devil hits you but does no damage.
You closely miss the ice devil. You claw the ice devil!
The ice devil is moderately wounded.
The ice devil hits you but does no damage.
The ice devil hits you! The ice devil freezes you!
Okay, then.
You claw the ice devil!
The ice devil is heavily wounded.
The ice devil hits you. The ice devil freezes you!
* * * LOW HITPOINT WARNING * * *
The ice devil hits you.
* * * LOW HITPOINT WARNING * * *
The ice devil freezes you!
* * * LOW HITPOINT WARNING * * *
Uskayaw will force your foes to helplessly watch your dance.
Uskayaw prepares the audience for your solo!
The ice devil is no longer paralysed.
You feel much better.
Okay, then.
This is a scroll of acquirement!
Something appears at your feet! The ice devil hits you!
* * * LOW HITPOINT WARNING * * *
The ice devil freezes you!!
* * * LOW HITPOINT WARNING * * *
Okay, then.
g - the ring of Ylaph {rElec rF+ rCorr Str+6 Dex-3} The ice devil hits you but does no damage.
As you read the scroll of teleportation, it crumbles to dust.
You feel strangely unstable.
The ice devil hits you but does no damage.
The ice devil attacks as it pursues you!
The ice devil hits you.
* * * LOW HITPOINT WARNING * * *
The ice devil freezes you!
You die...

#.......#≈#..##..
##..##...###..#..
#...###..# #....
#..##.#.## #...#
#..#....## #...#
#..##....###...#
##..#....##....###
#..##..)##......#
##h.#..##..#.....#
#4.####..###4§....
##.###Z..# .4....
##4.#..## .....
#Z...## .....
##..## Z.Z. ####
#...


You could see 2 ice devils and an elephant simulacrum.

Vanquished Creatures
  An ugly thing (D:6)
  Joseph (D:10)
  2 elephants (Lair:1)
  An ice statue (IceCv)
  2 rime drakes (Lair:1)
  A cane toad (Lair:1)
  4 komodo dragons (Lair:1)
  A freezing wraith (IceCv)
  3 ice devils (IceCv)
  A polar bear (Lair:1)
  Prince Ribbit (D:8)
  A wraith (D:11)
  11 yaks
  A basilisk (Lair:1)
  3 vampire mosquitoes (D:11)
  3 steam dragons
  8 water moccasins
  2 acid dragons
  3 orc warriors
  A sky beast (D:7)
  4 wolves (Lair:1)
  A black bear (D:5)
  An ogre (D:5)
  A centaur (D:7)
  A weeping skull (Ossuary)
  A kobold brigand (D:10)
  2 bullfrogs
  A scorpion (D:5)
  A cane toad simulacrum (IceCv)
  A two-headed ogre simulacrum (IceCv)
  A burial acolyte (Ossuary)
  3 wights (D:6)
  10 killer bees
  2 howler monkeys (D:8)
  A centaur zombie (Ossuary)
  4 gnoll boudas
  5 orc priests
  8 hounds
  2 jellies
  2 iguanas
  A sleepcap (D:7)
  Natasha (D:2)
  6 orc wizards
  Terence (D:2)
  A troll simulacrum (IceCv)
  2 wolf simulacra (IceCv)
  2 spriggan simulacra (IceCv)
  3 mummies (Ossuary)
  21 gnolls
  6 adders
  2 naga simulacra (IceCv)
  A shadow imp (D:7)
  5 ufetubi
  3 dart slugs
  A ribbon worm (D:2)
  35 orcs
  7 bats
  4 endoplasms
  2 giant cockroaches (D:3)
  4 goblins
  9 hobgoblins
  11 jackals
  3 kobolds (D:10)
  5 quokkas
  6 ball pythons
  A frilled lizard (D:1)
  4 gnoll zombies (Ossuary)
  A kobold zombie (Ossuary)
  2 orc zombies (Ossuary)
  4 rats
257 creatures vanquished.

Notes
Turn   | Place    | Note
-------+----------+-------------------------------------------
     0 | D:1      | hadoken the Troll Shapeshifter began the quest for the Orb.
     0 | D:1      | Reached XP level 1. HP: 18/18 MP: 0/0
     0 | D:1      | Upgraded the game from 0.31.0-9-g3a7656b989 to
                  | 0.31.0-11-ge490571c62
    77 | D:1      | Found Qaduxka's Vocational Training.
   130 | D:1      | Reached XP level 2. HP: 26/26 MP: 1/1
   533 | D:1      | You fall into a shaft and drop 1 floor!
   567 | D:2      | Reached XP level 3. HP: 32/32 MP: 2/2
   896 | D:2      | Noticed Terence
   910 | D:2      | Killed Terence
   985 | D:2      | Identified the +10 dagger of the Final Mystics {holy,
                  | *Corrode rF+++}
  1160 | D:2      | Reached XP level 4. HP: 38/40 MP: 3/3
  1198 | D:2      | Noticed Natasha
  1217 | D:2      | Killed Natasha
  1218 | D:2      | Reached skill level 5 in Shapeshifting
  1417 | D:3      | Reached XP level 5. HP: 46/46 MP: 4/4
  1864 | D:4      | Found a broken altar of Ashenzari.
  2129 | D:4      | Found a runed translucent door.
  2130 | D:4      | Noticed Crazy Yiuf
  2235 | D:4      | Found a transporter.
  2294 | D:4      | Found a transporter.
  2297 | D:4      | Noticed Phaedo's ghost (novice DjFE)
  2333 | D:4      | Found a hazy altar of Hepliaklqana.
  2649 | D:5      | Entered Level 5 of the Dungeon
  3020 | D:5      | Reached XP level 6. HP: 50/54 MP: 5/5
  3161 | D:5      | Reached XP level 7. HP: 53/61 MP: 6/6
  3217 | D:5      | Noticed a yak
  3217 | D:5      | Noticed a yak
  3217 | D:5      | Noticed a yak
  3259 | D:4      | Killed a yak
  3592 | D:5      | Identified the +0 pair of boots of the Skies Above {Str+2
                  | Int+2 Dex+4}
  3640 | D:5      | Reached skill level 1 in Fighting
  3660 | D:6      | Noticed a purple ugly thing
  3668 | D:6      | Killed a purple ugly thing
  3669 | D:6      | Reached skill level 4 in Unarmed Combat
  3669 | D:6      | Reached XP level 8. HP: 38/74 MP: 7/7
  3809 | D:6      | Reached skill level 5 in Unarmed Combat
  4073 | D:6      | Found Baawibith's Antique Weapon Shop.
  4185 | D:6      | Reached skill level 6 in Unarmed Combat
  4198 | D:6      | Found a staircase to the Ecumenical Temple.
  4208 | Temple   | Entered the Ecumenical Temple
  4214 | Temple   | Became a worshipper of Uskayaw the Reveller
  4504 | D:6      | Found a sparkling altar of Nemelex Xobeh.
  4512 | D:6      | Found a snail-covered altar of Cheibriados.
  4592 | D:7      | Identified the +0 cloak of Midwinter {rPois}
  4715 | D:7      | Found a sand-covered staircase.
  4719 | Ossuary  | Entered an ossuary
  4734 | Ossuary  | Reached * piety under Uskayaw
  4739 | Ossuary  | Reached ** piety under Uskayaw
  4850 | Ossuary  | Reached *** piety under Uskayaw
  4853 | Ossuary  | Reached skill level 1 in Invocations
  4854 | Ossuary  | Reached **** piety under Uskayaw
  5061 | D:7      | Reached XP level 9. HP: 83/85 MP: 7/9
  5067 | D:7      | Reached ***** piety under Uskayaw
  5086 | D:7      | Reached skill level 5 in Fighting
  5242 | D:7      | Reached skill level 7 in Unarmed Combat
  5567 | D:7      | Learned a level 2 spell: Searing Ray
  5646 | D:8      | Noticed Prince Ribbit
  5651 | D:8      | Killed Prince Ribbit
  5833 | D:8      | Reached skill level 1 in Conjurations
  6125 | D:8      | Noticed Farlane's ghost (novice TrSh)
  6204 | D:8      | Found a runed translucent door.
  6642 | D:9      | Found a bloodstained altar of Trog.
  6773 | D:9      | Reached XP level 10. HP: 98/98 MP: 12/12
  6870 | D:9      | Reached skill level 8 in Unarmed Combat
  6877 | D:9      | Found a staircase to the Orcish Mines.
  7292 | D:10     | Entered Level 10 of the Dungeon
  7295 | D:10     | Found Zobeptuci's Weapon Boutique.
  7327 | D:10     | Bought 5 darts of dispersal for 58 gold pieces
  7366 | D:10     | Noticed Joseph
  7378 | D:10     | Killed Joseph
  7478 | D:10     | Found a radiant altar of Vehumet.
  7554 | D:10     | Reached skill level 5 in Invocations
  7899 | D:10     | Noticed a two-headed ogre
  8034 | D:11     | Found a staircase to the Lair.
  8073 | Lair:1   | Entered Level 1 of the Lair of Beasts
  8114 | Lair:1   | Reached skill level 9 in Unarmed Combat
  8286 | Lair:1   | Identified the +1 whip "Wujapo Baric" {spect, *Slow rElec
                  | Dex+3}
  8317 | Lair:1   | Noticed a cane toad
  8322 | Lair:1   | Killed a cane toad
  8323 | Lair:1   | Reached XP level 11. HP: 102/109 MP: 14/14
  8531 | Lair:1   | Reached skill level 10 in Unarmed Combat
  8639 | Lair:1   | Found a frozen archway.
  8654 | IceCv    | Entered an ice cave
  8875 | IceCv    | HP: 1/113 [ice devil (13)]
  8881 | IceCv    | Identified 2 scrolls of acquirement
  8881 | IceCv    | Acquired the ring of Ylaph {rElec rF+ rCorr Str+6 Dex-3}
  8884 | IceCv    | Mangled by an ice devil

Illustrated notes

Levels and vault maps discovered:
D:1:      ncdulo_smallfort, layout_loops_ring, nicolae_shop_vocational
D:2:      layout_basic, uniq_natasha, uniq_terence
D:3:      layout_rooms
D:4:      layout_basic, kennysheep_mini_moat, evilmike_ruin_ashenzari,
          gammafunk_ghost_mausoleum, bh_walls_and_bars, uniq_crazy_yiuf_cottage
D:5:      wad_lake_hut, layout_basic, nicolae_houndstooth_variations
D:6:      layout_basic, minitemple, minmay_temple_entry_junction, serial_shops,
          shop_statue
D:7:      layout_gridville, serial_rivers, chequers_serial_rivers_small_a,
          chequers_serial_rivers_room_a, chequers_serial_rivers_micro_a,
          chequers_serial_rivers_micro_d, chequers_serial_rivers_micro_d,
          chequers_serial_rivers_room_b, enter_ossuary_5, serial_bayou_pond_a,
          hex_tiny, grunt_ministairs_2
D:8:      layout_basic, hellmonk_ghost_big_iron, uniq_prince_ribbit1
D:9:      layout_cave_pools, mainiacjoe_overflow_boulevard, hiddenorc2_lemuel
D:10:     minmay_klotski, layout_irregular_city, mainiacjoe_overflow_swirl,
          serial_shops, nicolae_shop_bloodbath_and_beyond, uniq_joseph
D:11:     dreamdust_labyrinth, layout_rooms, lair_entry_dummy,
          lemuel_flamethrower_2
Temple:   nicolae_temple_ecumenical_triangle
Lair:1:   layout_small_grid, portal_ice_cave_rime, enter_volcano_2
IceCv:    ice_cave_small_demon

Skill      XL: |  1  2  3  4  5  6  7  8  9 10 11 |
---------------+----------------------------------+-----
Shapeshifting  | 4 5 6 7 8 |  8.1
Fighting       | 2 4 6 7 8 |  8.5
Unarmed Combat | 4 6 7 9 10 | 10.5
Invocations    | 1 4 6 7 |  7.6
Conjurations   | 2 |  2.3
Dodging        | |  1.6

Action                     |  1- 3 |  4- 6 |  7- 9 | 10-12 || total
---------------------------+-------+-------+-------+-------++-------
  Melee: Unarmed           |    70 |   101 |   250 |   270 ||   691
         Punch             |     2 |     3 |    12 |    16 ||    33
  Throw: Throwing net      |       |     1 |       |       ||     1
   Cast: Searing Ray       |       |       |       |     1 ||     1
 Invoke: Stomp             |       |       |     2 |       ||     2
         Line Pass         |       |       |       |     4 ||     4
  Evoke: Wand              |       |       |       |     5 ||     5
    Use: Scroll            |     4 |     2 |    11 |     5 ||    22
         Potion            |       |     1 |     5 |     6 ||    12
   Stab: Sleeping          |     1 |       |       |       ||     1
         Held in net/web   |       |     1 |       |       ||     1
         Paralysed         |       |       |    11 |    20 ||    31
         Invisible         |       |       |     2 |       ||     2
         Confused          |       |       |       |     1 ||     1
 Armour: Animal skin       |    36 |    64 |   205 |       ||   305
         Skin              |       |    15 |       |    21 ||    36
         Robe              |       |       |    14 |       ||    14
         Acid dragon scale |       |       |       |   262 ||   262
  Dodge: Dodged            |    31 |    50 |   126 |   118 ||   325
